AoeStats
← 543880365

Black Forest

508618946Analyzed
4v4 RM · 8d ago on Sep 23, 2026· 51m 18s· 8 players
Game mode
Random Map
Map size
Large (8 player)
Population
200
Speed
Normal
Resources
Standard
Victory
Conquest
Starting age
Dark Age
Ending age
Imperial Age
RankedLock teamsTeams togetherTeam positionsShared explorationLock speedFull tech treeHidden civsTurbo modeCheats
Victory
Defeat
🇹🇼 Turks · Taiwan
1406
+14
🇳🇿 Varangians · New Zealand
1401
+15
🇨🇳 Bohemians · China
1378
+15
🇨🇳 Persians · China
1378
+15
🇳🇱 Varangians · Netherlands
1419
-16
🇨🇦 Danes · Canada
1373
-15
🇩🇪 Saxons · Germany
1341
-14
🇭🇰 Slavs · Hong Kong SAR China
1341
-14
543880365
5:09 Loom
10:56 Feudal Age
14:37 Castle Age
12:53 Double-Bit Axe
14:00 Horse Collar
15:31 Bow Saw
17:00 Fervor
17:11 Sanctity
20:26 Wheelbarrow
21:44 Town Watch
26:24 Imperial Age
25:39 Chemistry
25:55 Wagenburg Tactics
27:52 Hand Cart
28:17 Conscription
29:43 Siege Engineers
30:23 Scale Mail Armor
31:41 Chain Mail Armor
31:20 Pikeman
32:09 Halberdier
33:49 Squires
34:27 Plate Mail Armor
34:07 Forging
35:32 Houfnice
38:29 Iron Casting
40:50 Blast Furnace
42:09 Fletching
43:37 Bodkin Arrow
44:14 Ballistics
ss839059
0:50 Loom
10:03 Feudal Age
18:35 Castle Age
16:33 Horse Collar
16:57 Double-Bit Axe
18:25 Gold Mining
20:06 Bow Saw
38:36 Imperial Age
38:13 Padded Archer Armor
39:10 Wheelbarrow
40:35 Leather Archer Armor
43:57 Two-Man Saw
44:16 Ring Archer Armor
45:29 Fletching
46:47 Conscription
47:09 Gold Shaft Mining
46:25 Stone Mining
46:37 Heavy Plow
46:58 Bodkin Arrow
47:28 Artillery
48:02 Bombard Tower
48:02 Bracer
49:33 Spies/Treason
50:39 Scale Barding Armor
51:47 Chain Barding Armor
谢por
10:26 Feudal Age
13:57 Castle Age
12:12 Double-Bit Axe
20:41 Horse Collar
22:18 Wheelbarrow
22:55 Bow Saw
23:08 Heavy Plow
24:32 Hand Cart
26:25 Gold Mining
26:25 Stone Mining
29:38 Imperial Age
28:31 Forging
28:26 Scale Barding Armor
28:23 Caravan
29:01 Gold Shaft Mining
29:01 Stone Shaft Mining
30:15 Husbandry
30:26 Bloodlines
29:38 Cavalier
30:57 Chain Barding Armor
31:12 Iron Casting
30:54 Guilds
31:15 Coinage
31:31 Crop Rotation
31:02 Light Cavalry
32:49 Chemistry
32:10 Ballistics
33:09 Plate Barding Armor
33:07 Coinage
33:44 Two-Man Saw
32:49 Savar
33:27 Hussar
35:21 Blast Furnace
35:49 Devotion
36:27 Stone Shaft Mining
36:14 Fletching
36:24 Padded Archer Armor
38:20 Bodkin Arrow
38:40 Leather Archer Armor
38:49 Elite War Elephant
39:54 Faith
41:46 Banking
Zacchaeus
10:33 Feudal Age
11:37 Double-Bit Axe
14:01 Castle Age
12:00 Horse Collar
15:33 Bow Saw
15:24 Heavy Plow
18:28 Loom
21:08 Wheelbarrow
21:16 Wheelbarrow
22:14 Gold Mining
23:07 Hand Cart
25:18 Stone Mining
27:37 Stone Shaft Mining
29:45 Imperial Age
27:29 Squires
27:30 Scale Mail Armor
27:40 Forging
28:32 Chain Mail Armor
28:05 Arson
30:08 Iron Casting
29:52 Gothikon
30:11 Elite Varangian Guard
31:54 Plate Mail Armor
32:24 Blast Furnace
31:51 Conscription
34:08 Fletching
34:30 Masonry
34:54 Ballistics
35:55 Bodkin Arrow
36:32 Architecture
36:28 Bloodlines
36:18 Husbandry
36:47 Bracer
37:58 Chemistry
37:21 Scale Barding Armor
37:15 Town Watch
37:05 Elite Jarl
37:23 Pikeman
38:35 Chain Barding Armor
38:56 Murder Holes
39:21 Treadmill Crane
40:28 Plate Barding Armor
39:43 Pikeman
41:11 Crop Rotation
41:46 Two-Man Saw
40:59 Guilds
42:49 Halberdier
43:45 Town Patrol
43:59 Capped Ram
44:07 Onager
45:25 Siege Engineers
45:42 Caravan
47:26 Coinage
47:35 Cavalier
47:36 Vendel Legacy
48:55 Banking
49:00 Banking
50:09 Spies/Treason
koppzer
9:26 Feudal Age
10:12 Double-Bit Axe
9:59 Man-at-Arms
14:51 Wheelbarrow
16:37 Loom
17:52 Horse Collar
20:40 Castle Age
19:56 Gold Mining
22:56 Fletching
26:28 Imperial Age
GansGanssen
10:09 Feudal Age
11:14 Double-Bit Axe
13:47 Castle Age
12:01 Horse Collar
14:38 Bow Saw
20:12 Stone Mining
21:30 Wheelbarrow
21:06 Heavy Plow
23:00 Stone Shaft Mining
22:53 Hand Cart
23:11 Gold Mining
24:15 Loom
28:55 Imperial Age
26:50 Scale Barding Armor
26:56 Forging
28:01 Chain Barding Armor
28:12 Forging
30:14 Plate Barding Armor
30:03 Conscription
29:15 Elite Jarl
31:16 Iron Casting
30:31 Town Watch
33:59 Blast Furnace
43:49 Vendel Legacy
43:55 Gothikon
44:38 Scale Mail Armor
45:53 Chain Mail Armor
45:43 Squires
45:28 Arson
45:04 Elite Varangian Guard
45:29 Gambesons
47:31 Plate Mail Armor
48:11 Two-Man Saw
Creed
10:40 Feudal Age
14:20 Castle Age
14:26 Double-Bit Axe
14:22 Horse Collar
16:55 Bow Saw
17:16 Heavy Plow
22:28 Gold Mining
25:00 Wheelbarrow
24:44 Fletching
26:11 Thumb Ring
25:45 Elite Skirmisher
31:08 Imperial Age
29:26 Gold Shaft Mining
28:42 Stone Mining
29:15 Gambesons
29:30 Squires
29:16 Arson
30:17 Forging
30:09 Scale Mail Armor
31:46 Iron Casting
31:27 Chain Mail Armor
31:07 Bodkin Arrow
31:34 Ballistics
31:59 Elite Varangian Guard
33:52 Two-Man Saw
34:12 Plate Mail Armor
33:42 Bracer
35:05 Shield Wall
38:02 Pikeman
39:34 Halberdier
43:37 Crop Rotation
43:30 Bracer
43:30 Padded Archer Armor
44:29 Conscription
47:02 Leather Archer Armor
WanGGG
0:37 Loom
11:31 Feudal Age
16:02 Castle Age
14:00 Double-Bit Axe
14:02 Horse Collar
17:16 Bow Saw
18:48 Heavy Plow
23:46 Gold Mining
26:11 Wheelbarrow
29:19 Imperial Age
27:20 Scale Barding Armor
27:38 Detinets
28:00 Forging
28:33 Gold Shaft Mining
28:48 Chain Barding Armor
31:05 Two-Man Saw
29:27 Man-at-Arms
30:08 Squires
31:23 Long Swordsman
32:25 Scale Mail Armor
33:01 Iron Casting
32:06 Two-Handed Swordsman
32:18 Onager
33:29 Conscription
33:43 Champion
35:12 Chain Mail Armor
37:39 Plate Mail Armor
39:03 Fletching
39:14 Stone Mining
40:23 Pikeman
40:52 Halberdier
41:53 Town Watch
44:11 Blast Furnace
44:52 Bodkin Arrow
Connection lost

Rejoining the realm…

Still unreachable

The connection could not be restored.

Session expired

The server has moved on; the page needs a fresh start.